Map: Orbital Shipyard

Players

wawacrates - Winner!

  • Race: Protoss Protoss
  • League: Diamond

LilDicky

  • Race: Terran Terran
  • League: Diamond

VOD

http://www.twitch.tv/tumescentpie

Description

Time

  • Played on: Dec. 12, 2015, 10:03 p.m.
  • Length: 7:30
Show
View Real Time Build Order
Export as new Build Order

wawacrates Protoss - Winner!

Build Orders: Blink Stalkers 

Get SALT Encoding   

  12  0:01  Probe (Chrono Boost)  
  13  0:13  Pylon  
  13  0:18  Probe (Chrono Boost)  
  14  0:29  Probe (Chrono Boost)  
  14  0:34  Gateway  
  15  0:39  Probe (Chrono Boost)  
  16  0:44  Assimilator  
  17  0:50  Probe (Chrono Boost)  
  17  1:00  Gateway  
  17  1:03  Probe (Chrono Boost)  
  18  1:10  Assimilator  
  18  1:13  Probe (Chrono Boost)  
  19  1:25  Cybernetics Core  
  19  1:29  Probe (Chrono Boost)  
  20  1:39  Probe (Chrono Boost)  
  21  1:52  Probe (Chrono Boost)  
  22  1:55  Pylon  
  22  1:57  Pylon  
  22  2:10  Stalker (Chrono Boost)  
  25  2:16  Stalker (Chrono Boost), Warp Gate  
  25  2:28  Pylon  
  25  2:42  Stalker (Chrono Boost)  
  27  2:49  Stalker (Chrono Boost)  
  29  2:58  Mothership Core  
  33  3:15  Stalker (Chrono Boost)  
  33  3:23  Twilight Council  
  33  3:27  Probe  
  33  3:31  Stalker (Chrono Boost)  
  33  3:32  Pylon  
  36  3:47  Gateway  
  36  4:05  Blink (Chrono Boost)  
  36  4:20  Dark Shrine  
  36  4:22  Stalker x2  
  40  4:30  Pylon  
  32  5:04  Stalker x3  
  36  5:11  Mothership Core  
  37  5:17  Pylon  
  37  5:29  Zealot  
  37  5:30  Zealot x2  
  39  5:54  Pylon  
  37  6:03  Pylon  
  35  6:25  Dark Templar x2  
  21  7:10  Dark Templar  
Show
View Real Time Build Order
Export as new Build Order

LilDicky Terran 

Build Orders: MMM Bio 

Get SALT Encoding   

  12  0:02  SCV  
  13  0:14  SCV  
  13  0:19  Supply Depot  
  14  0:26  SCV  
  15  0:29  Refinery  
  15  0:40  SCV  
  16  0:47  Barracks  
  16  0:57  SCV  
  17  1:11  SCV  
  18  1:23  SCV  
  19  1:34  Supply Depot  
  19  1:35  Factory  
  19  1:36  Marine  
  19  1:39  Orbital Command  
  20  2:01  Marine  
  21  2:03  Barracks  
  21  2:08  Barracks  
  21  2:17  SCV  
  21  2:22  Refinery  
  22  2:30  Barracks Reactor  
  22  2:33  SCV  
  23  2:39  Supply Depot  
  23  2:48  Engineering Bay  
  22  3:00  SCV, Barracks Tech Lab x2  
  25  3:09  Starport  
  25  3:12  Supply Depot  
  23  3:27  Stimpack  
  23  3:28  Combat Shields  
  23  3:31  Marine x2  
  26  3:35  Marauder  
  26  3:38  Marauder  
  26  3:41  SCV  
  30  3:49  Marine  
  31  3:56  Marauder  
  31  3:57  Marine  
  31  3:59  Marauder  
  36  4:07  Marine  
  37  4:10  Medivac  
  37  4:11  SCV  
  37  4:14  Marine  
  41  4:18  Supply Depot  
  41  4:20  Marauder, Marine  
  44  4:24  Marine  
  47  4:38  Marauder  
  47  4:41  Marauder  
  49  4:47  Concussive Shells  
  45  5:11  Marine  
  45  5:12  Medivac, Marauder x2  
  45  5:13  SCV  
  53  5:16  Supply Depot  
  53  5:22  Marine  
  53  5:25  SCV  
  55  5:38  Marauder x2  
  51  5:54  Marine  
  51  5:55  Marine  
  53  5:59  Marauder x2  
  49  6:20  Marauder  
  48  6:25  Medivac  
  39  6:50  Marine  
  39  6:51  Marine x2  
  42  6:57  Marine  
  28  7:08  Marine x3  
Tags
 
Add a new tag
Caveats
  • Supply blocks, unpowered buildings, or Contaminate may cause inaccurate times.
  • Supply counts are checked every 10 seconds.